Map: Ley Lines

Players

Serral

  • Race: Zerg Zerg
  • League: Master
  • Spawn Location: 7:00

LiquidClem (Clem) - Winner!

  • Race: Terran Terran
  • League: Grandmaster
  • Spawn Location: 1:00

Event: HomeStory Cup XXVI

VOD

Have the link to the VOD?

Description

Time

  • Played on: Dec. 1, 2024, 11:09 a.m.
  • Length: 22:03

All games in this series

Show
View Real Time Build Order
Export as new Build Order

Serral Zerg 

Build Orders: Hatch First 

Get SALT Encoding   

  12  0:00  Drone  
  13  0:08  Drone  
  14  0:14  Drone, Extractor  
  15  0:34  Hatchery  
  14  0:39  Extractor  
  14  0:40  Drone  
  15  0:45  Overlord  
  15  1:00  Spawning Pool  
  15  1:03  Drone  
  15  1:07  Drone  
  15  1:10  Drone  
  17  1:15  Drone  
  18  1:25  Drone  
  19  1:37  Drone  
  20  1:46  Queen  
  22  1:47  Drone, Queen  
  22  1:49  Drone  
  26  1:57  Drone  
  26  1:58  Overlord  
  27  2:17  Drone  
  27  2:21  Hatchery, Drone x3  
  30  2:30  Drone  
  30  2:32  Queen  
  32  2:38  Overlord  
  32  2:40  Drone  
  32  2:43  Spore Crawler  
  32  2:45  Drone  
  32  2:48  Extractor  
  33  2:53  Queen  
  33  2:55  Drone  
  33  2:56  Drone  
  37  2:59  Drone x2  
  39  3:06  Overlord  
  39  3:10  Spore Crawler, Drone x2  
  41  3:13  Drone  
  41  3:18  Drone  
  41  3:19  Roach Warren  
  42  3:25  Drone  
  43  3:29  Extractor  
  43  3:32  Drone x4  
  46  3:35  Queen  
  48  3:41  Overlord  
  48  3:42  Drone  
  48  3:45  Drone x2  
  51  3:51  Drone x2  
  51  3:55  Drone  
  53  4:01  Roach x4  
  61  4:07  Roach  
  61  4:08  Spore Crawler  
  61  4:09  Overlord  
  62  4:11  Overlord  
  62  4:14  Drone  
  62  4:15  Drone  
  64  4:19  Drone x2  
  64  4:23  Overlord  
  66  4:28  Drone x4  
  70  4:34  Evolution Chamber  
  70  4:38  Drone x3, Lair  
  70  4:40  Drone  
  72  4:46  Drone, Spore Crawler  
  72  4:47  Drone x2  
  72  4:49  Drone x2  
  72  4:51  Drone  
  78  4:52  Drone  
  78  4:55  Drone x2  
  78  4:59  Spore Crawler  
  79  5:00  Spore Crawler  
  79  5:02  Roach  
  79  5:03  Roach  
  82  5:07  Extractor  
  82  5:08  Evolution Chamber  
  82  5:09  Drone x2  
  82  5:10  Extractor  
  82  5:12  Roach  
  82  5:13  Drone x2  
  85  5:14  Drone  
  85  5:17  Drone x3  
  85  5:20  Drone  
  90  5:25  Overlord  
  90  5:26  Overlord  
  86  5:31  Drone  
  86  5:32  Drone x2  
  86  5:35  Zerg Ground Armor Level 1  
  83  5:38  Hatchery, Overlord  
  83  5:39  Drone x3, Extractor x2  
  83  5:40  Overseer  
  83  5:45  Drone x2  
  83  5:46  Drone, Infestation Pit  
  83  5:49  Glial Reconstitution  
  85  5:52  Drone x2  
  85  5:56  Overlord  
  87  5:57  Drone x3  
  87  5:59  Overlord  
  87  6:03  Drone x3  
  93  6:08  Drone x3, Baneling Nest  
  95  6:13  Overlord x2  
  95  6:16  Metabolic Boost  
  95  6:19  Roach  
  95  6:20  Roach x2  
  95  6:24  Hive  
  101  6:27  Drone x2  
  101  6:30  Roach x3  
  107  6:33  Evolution Chamber  
  107  6:34  Overlord  
  107  6:37  Roach x2  
  108  6:40  Overlord  
  109  6:47  Drone x5  
  109  6:50  Overlord  
  109  6:51  Roach  
  109  6:53  Centrifugal Hooks  
  115  6:54  Queen  
  115  6:57  Zergling x4, Extractor  
  115  6:59  Zerg Melee Weapons Level 1  
  118  7:02  Spore Crawler  
  118  7:03  Zergling x6  
  118  7:05  Ravager x3  
  123  7:10  Zergling x10  
  126  7:18  Drone  
  126  7:20  Overlord  
  126  7:22  Zergling x12  
  133  7:28  Overlord  
  133  7:29  Baneling  
  133  7:30  Baneling x5  
  133  7:31  Baneling x2  
  133  7:32  Zerg Ground Armor Level 2  
  133  7:33  Zergling x12  
  139  7:37  Viper x2  
  145  7:46  Zergling x16  
  152  7:52  Hatchery  
  152  7:54  Adrenal Glands  
  152  7:55  Zergling x2  
  152  7:56  Zergling x4  
  152  8:01  Overlord x2  
  152  8:05  Zergling x10  
  157  8:10  Baneling x10  
  157  8:19  Zergling x18  
  161  8:22  Ravager  
  156  8:34  Zergling x22  
  156  8:39  Ultralisk Cavern  
  156  8:40  Baneling  
  156  8:41  Baneling, Ravager x2  
  168  8:45  Zergling x16  
  164  8:57  Zergling x2  
  164  8:58  Zergling x6  
  152  9:03  Zergling x16  
  152  9:04  Baneling x6  
  152  9:05  Drone x2  
  162  9:11  Zerg Melee Weapons Level 2  
  162  9:12  Baneling x9  
  162  9:16  Zergling x16  
  168  9:28  Hatchery  
  168  9:30  Zergling x8  
  171  9:36  Zergling x22  
  180  9:38  Baneling x8  
  180  9:39  Chitinous Plating  
  180  9:42  Zergling x4  
  180  9:45  Overlord  
  181  9:48  Zergling x4, Ultralisk  
  188  9:53  Zerg Ground Armor Level 3  
  188  9:55  Baneling x2  
  188  9:56  Overlord  
  188  10:01  Burrow  
  188  10:08  Ultralisk x2  
  188  10:13  Overlord x2  
  196  10:17  Overlord x2  
  192  10:23  Ultralisk  
  192  10:24  Zergling x4  
  192  10:27  Ultralisk  
  192  10:28  Zergling x6  
  196  10:32  Zergling x2  
  196  10:33  Zergling x6  
  185  10:41  Zergling x18  
  177  10:55  Zergling x18  
  177  10:56  Zergling x6  
  181  11:01  Queen x2  
  174  11:07  Drone x4  
  177  11:12  Zergling x2, Ultralisk  
  177  11:16  Drone x2  
  177  11:17  Drone, Spore Crawler  
  177  11:19  Drone x2  
  177  11:21  Drone  
  177  11:23  Drone x2  
  177  11:25  Drone x2  
  184  11:29  Baneling x3, Overseer  
  184  11:32  Drone x3  
  186  11:33  Drone  
  186  11:34  Spore Crawler  
  186  11:35  Drone  
  186  11:43  Zergling x4, Ultralisk  
  188  11:48  Zergling x4  
  188  11:49  Zergling x6  
  185  11:59  Ultralisk x2  
  190  12:03  Viper  
  190  12:05  Zergling x2  
  190  12:06  Zergling x6  
  194  12:18  Zergling x12  
  197  12:23  Hatchery, Drone  
  197  12:24  Drone x3  
  197  12:27  Overseer  
  198  12:30  Zergling x2  
  198  12:32  Pneumatized Carapace  
  198  12:33  Zerg Melee Weapons Level 3  
  198  12:35  Anabolic Synthesis  
  199  12:47  Baneling x6  
  199  12:48  Hatchery  
  196  12:52  Zergling x10  
  191  12:59  Queen x3, Overseer  
  191  13:04  Zergling x6  
  200  13:10  Baneling x10  
  200  13:11  Overseer  
  200  13:13  Overlord  
  200  13:24  Zerg Missile Weapons Level 1  
  199  13:36  Drone  
  199  13:42  Baneling x3  
  199  13:43  Drone  
  199  13:52  Zergling x8  
  199  13:55  Overseer  
  199  14:01  Zergling x16  
  200  14:09  Hydralisk Den  
  198  14:12  Zergling x2  
  198  14:14  Spore Crawler  
  198  14:16  Spore Crawler, Zergling x4  
  191  14:32  Zergling x16  
  191  14:35  Hatchery  
  196  14:39  Grooved Spines  
  196  14:43  Zergling x32  
  198  14:50  Zergling x2  
  199  14:53  Baneling x8  
  199  14:57  Hatchery  
  191  15:00  Zergling x2, Ultralisk, Ravager  
  191  15:01  Zergling x2  
  195  15:12  Zergling x16  
  200  15:19  Zergling x2, Ultralisk  
  200  15:20  Zergling x10  
  194  15:23  Overseer, Lurker Den  
  193  15:28  Zergling x14  
  193  15:29  Muscular Augments  
  193  15:34  Nydus Network  
  193  15:35  Zerg Missile Weapons Level 2, Drone  
  198  15:44  Zergling x2  
  189  15:50  Zergling x28  
  179  15:57  Zergling x44  
  179  16:02  Hydralisk x4  
  187  16:04  Infestor  
  187  16:06  Hydralisk x3  
  191  16:11  Baneling x5  
  191  16:14  Hydralisk x5  
  191  16:15  Zergling x4  
  189  16:18  Zergling x4  
  189  16:23  Hydralisk  
  189  16:24  Zergling x12  
  171  16:25  Zergling x4  
  171  16:26  Zergling x6  
  171  16:29  Baneling x5  
  171  16:30  Baneling x2, Zergling x4  
  171  16:31  Seismic Spines  
  174  16:35  Infestor x2  
  174  16:38  Drone x2, Zergling x2  
  174  16:39  Zergling x10  
  186  16:41  Drone  
  186  16:47  Lurker x5  
  186  16:48  Lurker  
  186  16:51  Drone  
  186  16:52  Zergling x12  
  186  16:53  Zergling x2  
  200  16:58  Zergling x6  
  200  17:04  Nydus Canal  
  181  17:09  Zergling x2  
  181  17:10  Zergling x34  
  181  17:14  Baneling x5  
  191  17:17  Zergling x8  
  185  17:25  Nydus Canal  
  185  17:27  Hydralisk x2  
  185  17:28  Zergling x16  
  185  17:29  Adaptive Talons  
  196  17:31  Drone x4  
  196  17:35  Drone  
  195  17:37  Unknown  
  195  17:38  Drone x7  
  195  17:43  Drone  
  195  17:44  Drone x3  
  188  17:46  Zergling x4  
  188  17:48  Zergling x6  
  177  17:56  Drone x6  
  176  18:07  Baneling x2  
  176  18:08  Zergling x6  
  179  18:15  Hatchery, Zerg Missile Weapons Level 3  
  178  18:22  Hydralisk x2  
  174  18:28  Zergling x30  
  171  18:36  Zergling x14  
  173  18:45  Lurker x2, Hydralisk x4  
  180  18:51  Zergling x20  
  187  19:05  Hydralisk  
  187  19:06  Zergling x14  
  187  19:09  Hatchery  
  186  19:17  Hydralisk x6  
  186  19:18  Spore Crawler  
  184  19:29  Drone x2  
  180  19:34  Lurker x8  
  180  19:37  Hydralisk x5  
  194  19:38  Spore Crawler  
  192  19:48  Zergling x20  
  192  19:51  Drone  
  175  20:00  Drone  
  175  20:01  Drone x5  
  175  20:03  Zergling x16  
  175  20:05  Zergling x2  
  164  20:11  Hydralisk x2  
  166  20:17  Lurker x3, Hydralisk  
  166  20:18  Zergling x2  
  156  20:29  Zergling x6  
  156  20:30  Zergling x12  
  151  20:40  Hydralisk x2  
  151  20:41  Zergling x8  
  154  20:50  Hatchery  
  154  20:53  Baneling x7  
  153  21:00  Hydralisk x3  
  152  21:09  Hydralisk  
  152  21:10  Hydralisk x2  
  140  21:11  Lurker  
  140  21:13  Overseer  
  135  21:19  Hydralisk x3  
  141  21:27  Hydralisk  
  141  21:28  Hydralisk x2  
  142  21:34  Zergling x12  
  145  21:40  Zergling x2  
  145  21:41  Zergling x8  
Show
View Real Time Build Order
Export as new Build Order

LiquidClem Terran - Winner!

Build Orders: Reaper Expand, Hellion Banshee 

Get SALT Encoding   

  12  0:00  SCV  
  13  0:12  SCV  
  14  0:16  Supply Depot  
  14  0:24  SCV  
  15  0:38  SCV  
  15  0:39  Barracks  
  15  0:42  Refinery  
  16  0:50  SCV  
  17  1:02  SCV  
  18  1:14  SCV  
  19  1:26  Orbital Command, Reaper  
  20  1:38  Command Center  
  20  1:45  Supply Depot  
  20  1:52  SCV  
  21  1:58  Marine  
  22  2:04  SCV  
  23  2:09  Factory  
  23  2:16  SCV  
  23  2:20  Barracks Reactor  
  24  2:28  SCV  
  25  2:37  Command Center  
  25  2:40  SCV  
  26  2:50  Orbital Command  
  26  2:52  SCV  
  27  3:00  Hellion  
  27  3:01  Hellion  
  31  3:06  SCV  
  31  3:10  Starport  
  32  3:13  Refinery  
  32  3:16  SCV  
  33  3:20  SCV  
  33  3:22  Hellion  
  33  3:25  Hellion  
  38  3:29  Barracks Tech Lab  
  38  3:31  SCV  
  38  3:32  SCV  
  40  3:43  SCV  
  40  3:44  SCV  
  42  3:51  Hellion  
  42  3:52  Orbital Command, Hellion  
  42  3:54  Banshee  
  49  3:58  SCV x2  
  49  4:02  Cloaking Field  
  50  4:03  Marine  
  51  4:10  SCV x2  
  51  4:15  Supply Depot  
  53  4:17  SCV  
  53  4:22  SCV  
  53  4:23  SCV  
  56  4:24  Barracks Tech Lab  
  56  4:25  Factory Reactor  
  56  4:28  Barracks  
  56  4:30  Barracks  
  57  4:31  SCV  
  57  4:34  SCV  
  57  4:35  SCV  
  57  4:39  Supply Depot  
  57  4:40  Banshee  
  57  4:43  SCV, Marine  
  62  4:47  SCV  
  62  4:49  Refinery  
  63  4:54  Stimpack  
  63  4:55  SCV  
  63  4:58  Orbital Command  
  63  4:59  Refinery  
  64  5:01  SCV, Marine, Engineering Bay  
  64  5:02  Supply Depot  
  64  5:05  Engineering Bay  
  66  5:07  SCV  
  66  5:10  Supply Depot  
  66  5:13  SCV  
  68  5:19  SCV, Marine x2  
  67  5:25  SCV x2  
  67  5:26  Marine  
  61  5:29  Marine  
  61  5:31  SCV  
  61  5:35  Terran Infantry Weapons Level 1, Starport Reactor, Terran Infantry Armor Level 1  
  61  5:36  Marine  
  61  5:37  SCV, Marine  
  61  5:38  SCV  
  61  5:42  Marine  
  65  5:43  SCV  
  65  5:49  Supply Depot, SCV  
  71  5:50  Siege Tank, Marine, SCV  
  71  5:52  Marine  
  71  5:54  Marine  
  71  5:55  SCV  
  76  6:00  Barracks  
  76  6:01  SCV  
  76  6:02  SCV, Barracks  
  78  6:06  Marine x2  
  78  6:08  SCV  
  78  6:09  Marine  
  78  6:10  Marine  
  83  6:13  Supply Depot, SCV  
  83  6:16  Medivac  
  83  6:17  Marine, Medivac  
  89  6:20  SCV  
  89  6:21  SCV  
  89  6:23  Marine  
  89  6:25  Siege Tank, SCV  
  95  6:32  SCV  
  97  6:33  SCV  
  97  6:34  Supply Depot, Marine x3  
  97  6:35  Marine  
  97  6:37  SCV  
  103  6:41  Marine  
  103  6:43  Refinery x2  
  103  6:44  SCV  
  103  6:45  Factory  
  105  6:48  Armory  
  105  6:49  Barracks Reactor  
  105  6:53  SCV x2  
  107  6:55  Barracks Reactor  
  107  6:56  Supply Depot, SCV  
  107  6:57  Supply Depot  
  107  7:00  Siege Tank  
  111  7:02  Marine x4  
  111  7:04  Combat Shield  
  111  7:05  SCV  
  116  7:12  Supply Depot, Marauder  
  116  7:14  SCV x2  
  116  7:17  SCV  
  116  7:20  Marine x3  
  116  7:21  Supply Depot  
  116  7:22  Marine, Medivac x2  
  124  7:26  Marine x2  
  127  7:30  Factory Tech Lab  
  127  7:31  Marine x2  
  127  7:33  Marine  
  127  7:36  Command Center  
  130  7:38  Marine  
  130  7:39  Terran Infantry Weapons Level 2  
  130  7:40  Marine x2  
  130  7:43  Terran Infantry Armor Level 2  
  133  7:46  Supply Depot, Marine  
  133  7:47  Marine x2  
  133  7:49  Marine x2  
  138  7:58  Siege Tank x2, Marine x3  
  142  8:00  Marauder  
  142  8:04  Marine  
  142  8:05  Marine  
  149  8:07  Marine x3  
  149  8:11  Supply Depot  
  152  8:13  Terran Vehicle Weapons Level 1  
  152  8:15  Supply Depot  
  152  8:16  Marine x2, Medivac  
  152  8:19  Supply Depot  
  151  8:20  Marine  
  151  8:22  Medivac  
  151  8:25  Supply Depot, Marine, Marauder  
  157  8:32  Marine x3  
  157  8:33  Siege Tank, Marine  
  164  8:36  Barracks  
  164  8:43  Siege Tank  
  164  8:45  Barracks x2  
  164  8:46  Medivac  
  169  8:48  Supply Depot  
  169  8:50  SCV x3  
  169  8:51  Supply Depot, Marine  
  168  8:56  Marine  
  168  8:57  Marine  
  168  8:59  Medivac  
  168  9:01  Marine  
  168  9:02  Marine x2  
  172  9:03  Marine x2  
  172  9:04  SCV  
  172  9:05  SCV, Siege Tank  
  172  9:09  Marauder  
  181  9:13  Marine  
  181  9:14  Marine  
  183  9:17  Medivac  
  183  9:18  Siege Tank, Marine  
  183  9:21  Marine  
  183  9:22  Marine  
  183  9:23  SCV  
  183  9:24  SCV, Ghost Academy  
  192  9:25  Marine  
  192  9:29  Marine x2  
  197  9:37  Siege Tank  
  197  9:38  Marine x3  
  188  9:39  Barracks Tech Lab x2  
  188  9:40  Barracks Tech Lab  
  188  9:41  Marine x2, Marauder  
  188  9:43  Marine  
  188  9:47  Marine x2  
  188  9:50  Siege Tank  
  192  9:58  Marine, Marauder, Sensor Tower  
  192  9:59  Marine  
  196  10:00  Marine  
  196  10:01  Marine  
  196  10:02  Marine, Marauder  
  198  10:09  Siege Tank  
  198  10:12  Marine x2  
  200  10:20  Marine x2, Command Center, Marauder  
  195  10:22  Siege Tank  
  195  10:25  Marauder  
  195  10:26  Marine  
  197  10:32  SCV  
  197  10:33  Planetary Fortress  
  185  10:38  Marine  
  185  10:42  Siege Tank  
  188  10:46  Marine, Medivac  
  182  10:50  Marine, Marauder  
  182  10:51  Marine, Marauder x2  
  182  10:52  Marine x2  
  182  10:54  Siege Tank, Marine x2  
  191  10:58  Marine  
  185  11:04  Marauder  
  185  11:09  Marine  
  185  11:10  Marine  
  188  11:11  Marauder  
  188  11:14  Siege Tank  
  188  11:16  Marauder  
  188  11:18  Liberator x2  
  198  11:20  Command Center  
  198  11:21  Marauder, Sensor Tower  
  198  11:23  Marine x3  
  198  11:24  Refinery  
  198  11:25  Marine, Refinery  
  199  11:30  Marine  
  198  11:34  Marauder  
  198  11:37  Marine  
  198  11:38  Marauder  
  198  11:39  Marine  
  197  11:47  Terran Infantry Armor Level 3, SCV x3, Terran Infantry Weapons Level 3  
  192  11:48  SCV  
  192  11:51  Siege Tank  
  192  11:52  Marine  
  192  11:53  Marine  
  187  11:54  Marine  
  187  11:57  Marauder  
  187  11:59  SCV x2  
  187  12:01  SCV x2, Viking  
  196  12:03  Liberator  
  199  12:11  SCV  
  200  12:16  Terran Vehicle Weapons Level 2  
  200  12:17  Command Center  
  199  12:39  Command Center  
  199  12:44  Siege Tank  
  200  12:46  Sensor Tower  
  200  12:48  Ghost  
  196  12:51  Ghost  
  196  12:52  Marine x2  
  196  12:53  Ghost  
  196  12:55  Medivac  
  195  12:59  Planetary Fortress  
  195  13:04  Siege Tank, Marine  
  199  13:11  Starport  
  199  13:22  Missile Turret, Command Center  
  199  13:24  Command Center  
  199  13:39  Ghost  
  199  13:53  Medivac x2  
  199  13:54  Ghost  
  199  13:55  Siege Tank  
  197  13:56  Marine  
  197  13:57  Marine  
  197  14:00  Siege Tank  
  198  14:19  Orbital Command  
  198  14:20  Orbital Command  
  198  14:27  Ghost x2  
  198  14:30  Starport Reactor  
  200  14:33  Fusion Core  
  200  14:34  Hi-Sec Auto Tracking, Neosteel Armor  
  200  14:45  Ghost  
  199  14:56  Marine  
  199  14:58  Siege Tank, Marine  
  200  15:05  Orbital Command, Marine  
  200  15:13  Ghost  
  197  15:16  Ghost  
  197  15:18  Ghost  
  194  15:23  Siege Tank  
  194  15:24  Ghost  
  200  15:29  Advanced Ballistics  
  200  15:32  Sensor Tower  
  195  15:51  Ghost  
  195  15:52  Ghost x2  
  195  15:53  Marine, Marauder  
  171  16:01  Siege Tank  
  171  16:03  Marine  
  165  16:04  Siege Tank  
  165  16:05  Marine x3  
  165  16:07  SCV x2  
  165  16:10  Liberator x4  
  183  16:14  SCV, Ghost  
  183  16:17  Orbital Command  
  184  16:19  Ghost  
  184  16:20  Ghost  
  184  16:23  Ghost  
  184  16:24  Marine x2  
  179  16:26  Marine x2  
  179  16:28  Marine  
  182  16:33  Siege Tank  
  185  16:40  SCV x3  
  185  16:41  Caduceus Reactor  
  191  16:47  Siege Tank  
  191  16:49  Planetary Fortress, Marine x2  
  193  16:55  SCV x2  
  193  16:56  Unknown  
  195  17:02  Marine x2  
  195  17:04  Marine x2  
  195  17:05  Siege Tank  
  195  17:08  Ghost  
  192  17:11  Medivac  
  193  17:16  Marine  
  193  17:17  Marine  
  193  17:18  Marine  
  193  17:19  Siege Tank  
  193  17:21  Marauder  
  195  17:24  Marine x2, Medivac  
  198  17:30  Orbital Command  
  200  17:37  Marauder  
  193  17:45  Siege Tank, Medivac  
  193  17:46  Marine  
  193  17:48  Marine  
  193  17:49  Starport Reactor, Marauder  
  193  17:51  Marine  
  200  18:02  Missile Turret  
  200  18:03  Command Center  
  200  18:26  Siege Tank, Marine x5  
  198  18:32  Marine  
  198  18:33  Marine  
  192  18:35  Marine  
  192  18:39  Marine x2  
  192  18:40  Marine  
  196  18:44  Marine  
  196  18:45  Marine x2  
  199  18:49  Factory Tech Lab  
  198  18:57  Command Center  
  198  18:58  Missile Turret  
  198  19:05  Marine x2, Medivac  
  198  19:08  Marine  
  200  19:20  Personal Cloaking  
  200  19:34  Missile Turret  
  197  19:50  Ghost, Medivac x2  
  197  19:51  Marine x2  
  197  19:52  Medivac  
  193  20:02  Marauder  
  193  20:03  Siege Tank  
  193  20:06  Marine x2  
  188  20:11  Ghost  
  178  20:14  Siege Tank, Marine  
  178  20:20  Marine, Marauder  
  180  20:22  Liberator  
  180  20:23  Liberator x2  
  180  20:24  Liberator  
  180  20:27  Missile Turret  
  188  20:28  Sensor Tower  
  188  20:29  Marine x2, Marauder  
  188  20:35  Siege Tank  
  192  20:37  Concussive Shells, Marine  
  192  20:38  Marauder  
  192  20:39  Marine  
  192  20:40  Marauder  
  192  20:42  Orbital Command, Marauder  
  192  20:46  Siege Tank  
  192  20:51  Planetary Fortress  
  192  20:53  Marine  
  193  20:58  Missile Turret  
  193  21:01  Marine  
  193  21:03  Orbital Command  
  193  21:04  Marine, Sensor Tower  
  194  21:05  Medivac  
  194  21:06  Medivac x2  
  194  21:07  Siege Tank  
  194  21:10  Marine  
  194  21:11  Marine  
  188  21:12  Ghost  
  188  21:14  Marine x2, Ghost  
  188  21:15  Marine  
  188  21:17  Missile Turret  
  195  21:18  Siege Tank  
  195  21:23  SCV x2  
  195  21:24  SCV  
  197  21:29  SCV  
  195  21:35  Marine  
  195  21:36  Marine x2  
  195  21:37  Marine  
  199  21:46  Unknown  
Tags
 
Add a new tag
Caveats
  • Supply blocks, unpowered buildings, or Contaminate may cause inaccurate times.
  • Supply counts are checked every 10 seconds.